 Dungeon Crawl Stone Soup version 0.29-a0-1008-g949cc1d0fb (webtiles) character file.

Game seed: 8939036733503732042

2203 rabbitsville the Summoner (level 9, -1/34 HPs)
             Began as a Felid Summoner on Aug 7, 2022.
             Was an Initiate of Gozag.
             Killed by an exploding themself (35 damage)
             ... ignited by their inner flame
             ... on level 7 of the Dungeon.
             The game lasted 00:38:36 (7464 turns).

rabbitsville the Summoner (Felid Summoner)          Turns: 7464, Time: 00:38:37

Health: -1/34      AC:  6    Str:  4    XL:     9   Next: 12%
Magic:  20/21      EV: 17    Int: 20    God:    Gozag
Gold:   820        SH:  0    Dex: 17    Spells: 10/23 levels left
                                        Lives:  0   Deaths: 2

rFire   . . .      SeeInvis +   (weapon unavailable)
rCold   . . .      Faith    .   (shield unavailable)
rNeg    . . .      Spirit   .   (body armour unavailable)
rPois   .          Reflect  .   (helmet unavailable)
rElec   .          Harm     .   (cloak unavailable)
rCorr   .          Rampage  .   (gloves unavailable)
Will    ++...                   (boots unavailable)
Stlth   ++........              e - amulet of regeneration
HPRegen 0.91/turn               D - ring of willpower
MPRegen 0.17/turn               C - +4 ring of protection

@: quick
A: very small, claws 1, fangs 3, see invisible, speed 1, shaggy fur 2, stealthy
paws, no weapons or thrown items, no armour, multi-lived
a: Renounce Religion, Potion Petition, Call Merchant, Bribe Branch


You were on level 7 of the Dungeon.
You worshipped Gozag.
Gozag was pleased with you.
You visited 2 branches of the dungeon, and saw 8 of its levels.
You also visited: Ossuary.

You collected 922 gold pieces.
You paid 102 gold pieces to Gozag.

Inventory:

Jewellery
 e - an amulet of regeneration (around neck)
 h - a +6 ring of dexterity
 z - a ring of resist corrosion
 A - an amulet of faith
 C - a +4 ring of protection (right paw)
 D - a ring of willpower (left paw)
 I - a ring of flight
Wands
 t - a wand of flame (17)
 v - a wand of polymorph (26)
 G - a wand of mindburst (18)
 H - a wand of digging (6)
 L - a wand of roots (5)
Scrolls
 c - 11 scrolls of identify {unknown}
 d - 6 scrolls of noise {unknown}
 g - 2 scrolls of enchant weapon {unknown}
 j - 2 scrolls of blinking {unknown}
 l - a scroll of vulnerability {unknown}
 p - 2 scrolls of fear {unknown}
 w - 3 scrolls of enchant armour {unknown}
 y - 2 scrolls of immolation {unknown}
 B - a scroll of amnesia {unknown}
 E - a scroll of brand weapon {unknown}
 F - a scroll of teleportation {unknown}
 J - 3 scrolls of poison {unknown}
 K - a scroll of magic mapping {unknown}
Potions
 a - 2 potions of magic
 b - a potion of berserk rage {unknown}
 f - 3 potions of might {unknown}
 i - a potion of curing {unknown}
 k - 2 potions of flight {unknown}
 m - a potion of cancellation {unknown}
 n - 2 potions of invisibility
 o - 4 potions of haste {unknown}
 q - 2 potions of lignification {unknown}
 r - 2 potions of degeneration {unknown}
 s - a potion of ambrosia {unknown}
 u - 2 potions of mutation {unknown}
 x - 2 potions of heal wounds {unknown}


   Skills:
 - Level 2.6 Dodging
 - Level 2.6 Stealth
 + Level 7.7 Spellcasting
 - Level 5.0 Hexes
 + Level 9.1 Summonings
 + Level 3.6 Air Magic


You had 10 spell levels left.
You knew the following spells:

 Your Spells              Type           Power      Damage    Failure   Level
a - Summon Small Mammal   Summ           100%       N/A       1%          1
b - Call Imp              Summ           44%        N/A       1%          2
c - Call Canine Familiar  Summ           44%        N/A       1%          3
d - Summon Guardian Gole  Hex/Summ       36%        N/A       1%          3
e - Summon Lightning Spi  Summ/Air       33%        N/A       6%          4

Your spell library contained the following spells:

 Spells                   Type           Power      Damage    Failure   Level
 Confusing Touch          Hex            27%        N/A       3%          3
 Apportation              Tloc           14%        N/A       9%          1
 Magic Dart               Conj           28%        1d4       9%          1
 Necrotise                Necr           28%        1d5       9%          1
 Blink                    Tloc           14%        N/A       13%         2
 Mephitic Cloud           Conj/Pois/Air  12%        N/A       16%         3
 Lesser Beckoning         Tloc           7%         N/A       26%         3
 Fulminant Prism          Conj/Hex       8%         3d7       30%         4
 Iskenderun's Mystic Bla  Conj/Tloc      7%         2d4       65%         4
 Yara's Violent Unravell  Hex/Tmut       8%         3d5       65%         5
 Lee's Rapid Deconstruct  Erth           3%         3d6*      94%         5
 Manifold Assault         Tloc           7%         N/A       94%         5
 Enfeeble                 Hex            13%        N/A       100%        7


Dungeon Overview and Level Annotations

Branches:
Dungeon (7/15)             Temple (1/1) D:5         Ossuary (visited)

Altars:
Ashenzari
Cheibriados
Gozag
Hepliaklqana
Kikubaaqudgha
Makhleb
Nemelex Xobeh
Okawaru
Ru
Uskayaw
Vehumet
Xom
Yredelemnul
Zin

Shops:
D:3 :   D:5 *   D:6 (

Annotations:
D:5 1 runed translucent door, Crazy Yiuf


Innate Abilities, Weirdness & Mutations

You have sharp claws.
You have razor-sharp teeth.
You have supernaturally acute eyesight. (SInv)
You cover ground quickly. (Speed+)
You are covered in thick fur. (AC +2)
Your paws help you pounce on unaware monsters.
You are incapable of wielding weapons or throwing items.
You cannot wear armour.
You gain extra lives every three experience levels.


Message History

There is an open door here.
Things that are here:
8 gold pieces; a +0 flail; a +0 robe The jelly is engulfed in blazing flames.
The jelly dies!
You swap places.
You swap places.
You swap places.
There is an open door here.
Things that are here:
8 gold pieces; a +0 flail; a +0 robe You swap places.
You swap places.
You swap places.
Your white imp hits the wight but does no damage.
The wight hits your white imp with a +0 scimitar!
Your white imp hits the wight but does no damage.
The wight barely misses your white imp.
Your white imp hits the wight but does no damage.
You swap places.
The wight barely misses your white imp.
The wight hits your white imp with a +3 falchion!
Your white imp dies!
Your white imp disappears in a puff of smoke!
The wight hits your guardian golem with a +3 falchion!
The wight hits your guardian golem with a +0 scimitar.
The wight hits your guardian golem but does no damage.
The wight barely misses your guardian golem.
The wight hits your guardian golem with a +0 scimitar!
The wight hits your guardian golem with a +3 falchion!
Your guardian golem overheats!
The wight hits your guardian golem with a +0 scimitar!
Flame seeps out of your guardian golem.
The wight hits your guardian golem with a +3 falchion.
Your guardian golem disappears in a puff of smoke!
Your guardian golem explodes!
The fiery explosion engulfs you!!
Ouch! That really hurt!
You die...
Your body crumbles into a pile of gold.

#....................... ###
#........)..))..#....... #.###
#......)...)....#.###+##
#...#+#####.....#+#....#...#.#
###...........###.#.#..#.###.#.#
..............+...#.#....#
#.#.##
####....<.....##.......###
#.#...
#############.##.#..#####.#.#.
#@##.##...........
#○##.#########..#. #....§zz..#
#.... #.....$$..# #.##.
#........## #.##. #........#
..##. #......... #######
#.........###+#+#...... ###
##### #.........##.........##


You could see 2 wights.

Vanquished Creatures
  An orc priest (D:4)
  An endoplasm (D:1)
  A goblin (D:1)
  2 quokkas
  A rat (D:1)
6 creatures vanquished.

Vanquished Creatures (collateral kills)
  Sigmund (D:2)
  Menkaure (D:6)
  A water moccasin (D:6)
  A sky beast (D:7)
  A phantom (D:4)
  An elf zombie (Ossuary)
  3 necrophages
  3 scorpions
  2 wights (D:7)
  2 human zombies (Ossuary)
  4 jellies
  3 hounds
  2 orc priests
  Jessica (D:2)
  An iguana (D:5)
  Terence (D:2)
  3 orc wizards
  2 mummies (Ossuary)
  12 gnolls
  8 adders
  A shadow imp (D:7)
  2 white imps (D:6)
  2 adder zombies (Ossuary)
  2 worms (D:3)
  2 dart slugs
  9 orcs
  7 endoplasms
  A giant cockroach (D:2)
  5 goblins
  3 hobgoblins
  2 jackals (D:2)
  3 quokkas
  5 ball pythons
  5 bats
  5 frilled lizards
  10 hobgoblin zombies (Ossuary)
  A jackal zombie (Ossuary)
  16 kobolds
  9 kobold zombies (Ossuary)
  9 orc zombies (Ossuary)
  2 rats
  2 rat zombies (Ossuary)
156 creatures vanquished.

Vanquished Creatures (others)
  Edmund (D:5)
  A water moccasin (D:5)
  A black bear (D:5)
  An ogre (D:5)
  A phantom (D:5)
  A kobold brigand (D:7)
  A wight (D:7)
  A gnoll bouda (D:5)
  A jelly (D:7)
  4 gnolls (D:5)
  3 orcs (D:4)
  A goblin (D:4)
  41 plants (D:2)
58 creatures vanquished.

Grand Total: 220 creatures vanquished

Notes
Turn   | Place    | Note
-------+----------+-------------------------------------------
     0 | D:1      | rabbitsville the Felid Summoner began the quest for the
                  | Orb.
     0 | D:1      | Reached XP level 1. HP: 7/7 MP: 4/4
   519 | D:1      | Reached XP level 2. HP: 11/11 MP: 4/6
   548 | D:1      | Found a faded altar of an unknown god.
  1332 | D:2      | Learned a level 2 spell: Call Imp
  1350 | D:2      | Reached XP level 3. HP: 13/14 MP: 4/8
  1362 | D:2      | Learned a level 3 spell: Call Canine Familiar
  1468 | D:2      | Noticed Terence
  1488 | D:2      | Killed Terence
  1489 | D:2      | Reached XP level 4. HP: 18/18 MP: 4/9
  1673 | D:2      | Noticed Sigmund
  1745 | D:2      | Reached skill level 5 in Summonings
  1933 | D:2      | Killed Sigmund
  1934 | D:2      | Reached skill level 6 in Summonings
  1934 | D:2      | Reached XP level 5. HP: 21/21 MP: 8/12
  1934 | D:2      | Gained mutation: You are covered in thick fur. (AC +2)
                  | [Felid growth]
  1934 | D:2      | Reached XP level 6. HP: 24/24 MP: 8/13
  2072 | D:2      | Noticed Jessica
  2082 | D:2      | Killed Jessica
  2478 | D:3      | Found a hide-covered altar of Uskayaw.
  2510 | D:3      | Found Alloll's Book Shop.
  3374 | D:4      | HP: 1/24 [orc priest/divine providence (16)]
  3375 | D:4      | Slain by an adder
  3376 | D:4      | Reached XP level 5. HP: 0/21 MP: 11/13
  3380 | D:4      | Learned a level 3 spell: Summon Guardian Golem
  3404 | D:4      | Reached skill level 1 in Hexes
  3485 | D:4      | Noticed a phantom
  3512 | D:4      | Killed a phantom
  3513 | D:4      | Reached XP level 6. HP: 24/24 MP: 12/14
  3576 | D:4      | Reached skill level 5 in Spellcasting
  3959 | D:4      | Reached XP level 7. HP: 27/27 MP: 7/15
  3997 | D:4      | Killed by an exploding themself... ignited by their inner
                  | flame
  3998 | D:4      | Reached XP level 6. HP: 0/24 MP: 2/15
  4069 | D:4      | Found a broken altar of Ashenzari.
  4137 | D:5      | Entered Level 5 of the Dungeon
  4154 | D:5      | Noticed Edmund
  4348 | D:5      | Noticed a water moccasin
  4395 | D:5      | Killed a water moccasin
  4396 | D:5      | Reached skill level 7 in Summonings
  4412 | D:5      | Reached skill level 5 in Hexes
  4412 | D:5      | Reached XP level 7. HP: 27/27 MP: 4/16
  4455 | D:5      | Found Zin's Purification Station.
  4482 | D:5      | Found a glowing silver altar of Zin.
  4558 | D:5      | Killed Edmund
  4793 | D:5      | Found a staircase to the Ecumenical Temple.
  4848 | Temple   | Entered the Ecumenical Temple
  4896 | Temple   | Became a worshipper of Gozag Ym Sagoz the Greedy
  4981 | D:5      | Found a runed translucent door.
  4982 | D:5      | Noticed Crazy Yiuf
  5086 | D:5      | Reached skill level 8 in Summonings
  5163 | D:5      | Reached XP level 8. HP: 31/31 MP: 12/19
  5216 | D:5      | Found a hazy altar of Hepliaklqana.
  5445 | D:6      | Found a radiant altar of Vehumet.
  5485 | D:6      | Reached skill level 1 in Air Magic
  5550 | D:6      | Learned a level 4 spell: Summon Lightning Spire
  5670 | D:6      | Found a shimmering altar of Xom.
  5670 | D:6      | Found a shimmering altar of Xom.
  5671 | D:6      | Found a shimmering altar of Xom.
  5672 | D:6      | Found a shimmering altar of Xom.
  5672 | D:6      | Found a shimmering altar of Xom.
  5673 | D:6      | Found a shimmering altar of Xom.
  5865 | D:6      | Noticed Menkaure
  5918 | D:6      | Killed Menkaure
  6355 | D:6      | Found Nothuar's Antique Weapon Shop.
  6632 | D:7      | Found a sand-covered staircase.
  6637 | Ossuary  | Entered an ossuary
  6996 | Ossuary  | Reached skill level 9 in Summonings
  7212 | D:7      | Found an iron altar of Okawaru.
  7368 | D:7      | Reached XP level 9. HP: 34/34 MP: 14/21
  7464 | D:7      | Killed by an exploding themself... ignited by their inner
                  | flame

Illustrated notes

Levels and vault maps discovered:
D:1:      dpeg_arrival_stone_temple_mockup, layout_basic,
          ebering_ecumenical_altar_ruins, chequers_serial_rivers_marsh
D:2:      layout_rooms, serial_bayou, serial_bayou_lake_a,
          serial_bayou_lagoon_a, serial_bayou_lagoon_b, serial_bayou_shore_b,
          minmay_misc_feat_columns, st_stairs_8, minmay_tetromino_i4,
          uniq_jessica, uniq_terence, uniq_sigmund
D:3:      layout_loops_ring, eat_drink_and_be_merry_uskayaw, serial_shops,
          nicolae_shop_statue_plus
D:4:      layout_loops_ring, nicolae_ashenzari_skybound, minmay_bisected
D:5:      layout_basic, zin_purify, mainiacjoe_overflow_small_starburst,
          minmay_temple_entry_ruins, uniq_crazy_yiuf_cottage, uniq_edmund
D:6:      layout_basic, xom_redecorated, amcnicky_altar_gilded, serial_shops,
          kennysheep_mini, dreamdust_princess_bridge, uniq_menkaure
D:7:      layout_basic, lemuel_crystal_altar, enter_ossuary_2,
          hangedman_abyss_or_decor_stabs
Temple:   hellmonk_temple_two_chambers

Skill      XL: |  1  2  3  4  5  6  7  8 |
---------------+-------------------------+-----
Spellcasting   | 3 4 5 6 7 |  7.7
Summonings     | 6 7 8 9 |  9.1
Hexes          | 2 5 |  5.0
Air Magic      | 3 |  3.6
Dodging        | |  2.6
Stealth        | |  2.6

Action                   |  1- 3 |  4- 6 |  7- 9 || total
-------------------------+-------+-------+-------++-------
Melee: Unarmed           |    19 |    12 |    12 ||    43
       Bite              |     2 |       |     3 ||     5
 Cast: Summon Small Mamm |    38 |     4 |     4 ||    46
       Call Imp          |     2 |     5 |     6 ||    13
       Call Canine Famil |     3 |    33 |    33 ||    69
       Summon Guardian G |       |     7 |    18 ||    25
Armor: Skin              |     7 |     1 |     2 ||    10
Dodge: Dodged            |    28 |    56 |    26 ||   110

Table legend: (Time is in decaauts)
 A = Elapsed time spent in this place.
 B = Non-inter-level travel time spent in this place.
 C = Inter-level travel time spent in this place.
 D = Time resting spent in this place.
 E = Time spent auto-exploring this place.
 F = Levels seen in this place.
 G = Mean time per level.
                   A        B        C        D        E       F      G
               +--------+--------+--------+--------+--------+-----+--------+
         Total |   6489 |   6281 |    208 |     80 |   3936 |   9 |  721.0 |
       Dungeon |   5932 |   5724 |    208 |      0 |   3856 |   7 |  847.4 |
        Temple |     55 |     55 |      0 |      0 |     33 |   1 |   55.0 |
       Ossuary |    502 |    502 |      0 |     80 |     46 |   1 |  502.0 |
               +--------+--------+--------+--------+--------+-----+--------+

Top non-repeatable levels by time:
     D:1: 1074 daAuts
     D:2: 1035 daAuts
     D:5: 1024 daAuts
     D:3: 797 daAuts
     D:6: 783 daAuts
     D:4: 770 daAuts
 Ossuary: 502 daAuts
     D:7: 447 daAuts
  Temple: 55 daAuts
